[Event "34th MPL National U14G-ch 2022"]
[Site "Ahmedabad"]
[Date "2022.05.10"]
[Round "3.1"]
[White "Mrittika Mallick"]
[Black "Sanikommu Manasvi"]
[Result "1-0"]
[ECO "B50"]
[WhiteElo "1982"]
[BlackElo "1399"]
[Annotator "TA"]
[PlyCount "105"]
[EventDate "2022.05.09"]
[EventType "swiss"]
[EventCountry "IND"]
[SourceTitle "playchess.com"]
[Source "ChessBase"]
[SourceQuality "1"]
[TimeControl "5400+30"]

1. e4 c5 2. Nf3 d6 3. Bb5+ Nd7 4. O-O Ngf6 5. Re1 g6 6. c3 Bg7 7. d4 cxd4 8. cxd4 O-O 9. Nc3 a6 10. Bf1 b5 {[%emt 0:05:16] B50: Sicilian: 2...d6, Miscellaneous.} 11. e5 dxe5 12. dxe5 Ng4 {[%emt 0:04:45][%cal Rd7e5] The position is equal.} 13. Qd5 {[%emt 0:08:52] [#]} (13. Bf4 $11) 13... Qb6 $146 ({Predecessor:} 13... Rb8 14. e6 Ndf6 15. exf7+ Kh8 16. Qxd8 Rxd8 17. Rxe7 Bf8 18. Re2 Rb7 19. h3 Nh6 20. Bg5 Bg7 21. Bxf6 Bxf6 22. Re8+ Kg7 23. f8=Q# {1-0 (23) Sedina,E (2294)-Smietanska,W (1802) Chess.com INT 2021}) 14. Be3 {[%emt 0:21:59] [#]} (14. Qd2 Bb7) 14... Nxe3 15. Rxe3 {[%emt 0:00:54] [#]} e6 $1 16. Qd1 Rd8 (16... Qb8 $17 17. Qd4 Rd8) 17. Rd3 $11 Re8 (17... Qb8 $5 ) 18. Qe2 (18. Rxd7 $2 Bxd7 19. Qxd7 Rad8 $19) (18. Rd6 $11 Qa7 19. Qe1) 18... Qc7 (18... b4 $17 19. Na4 Qa5) 19. Ne4 Bxe5 (19... Nxe5 $11 20. Nd6 Rd8 21. Nxe5 Rxd6 22. Rxd6 Qxd6 23. Nxf7 Qe7) 20. Nxe5 $14 Qxe5 21. Qf3 {[%emt 0:02:16] Inhibits Nf6. Threatens to win with Nd6. White is more active.} Ra7 22. Rad1 (22. Nd6 $14 Rf8 23. Qc6) 22... Re7 $2 {[%emt 0:02:27][%mdl 8192] Black is now going downhill.} (22... Qxb2 $2 23. R3d2 Qe5 24. Nd6 $18) (22... Rf8 $11 {and Black stays safe.}) 23. Nd6 $18 Nb6 (23... Bb7 $142 24. Nxb7 Qc7) 24. Nxc8 Nxc8 25. Rd8+ Kg7 26. Rxc8 Rad7 27. Rxd7 Rxd7 28. Qc3 ({Much less strong is} 28. Qa3 Rd6 29. Ra8 g5 30. Rxa6 Rd1 $18) 28... Qxc3 29. Rxc3 {[%emt 0:00:09][%mdl 4096] Endgame KRB-KR} ({Don't do} 29. bxc3 Rd2 30. Ra8 Rxa2 31. Bxb5 Rc2 $18) 29... Rd2 30. Rb3 e5 31. g3 f5 32. Rb4 g5 33. a4 bxa4 34. Bxa6 f4 35. Kg2 h5 36. gxf4 {[%emt 0:00:17] White is clearly winning.} exf4 37. Bb5 Kf6 38. Be8 h4 39. Bh5 h3+ 40. Kf3 Kf5 41. Rb5+ Kf6 42. Bg4 Rd3+ 43. Ke2 Rd8 44. Rb4 Re8+ 45. Kf3 Ra8 46. Bxh3 a3 47. bxa3 Rxa3+ 48. Kg2 Kg6 49. Bg4 Kf6 50. Rb6+ Kg7 51. Bh5 Kh7 52. Rg6 f3+ 53. Kg3 {[%emt 0:00:15] Weighted Error Value: White=0.25 (precise) /Black=0.41} 1-0

[Event "34th MPL National U14G-ch 2022"]
[Site "Ahmedabad"]
[Date "2022.05.10"]
[Round "3.2"]
[White "Anahita Verma"]
[Black "Sachi Jain"]
[Result "0-1"]
[ECO "C41"]
[WhiteElo "1407"]
[BlackElo "1768"]
[Annotator "NA RC COMBH"]
[PlyCount "60"]
[EventDate "2022.05.09"]
[EventType "swiss"]
[EventCountry "IND"]
[SourceTitle "playchess.com"]
[Source "ChessBase"]
[SourceQuality "1"]
[TimeControl "5400+30"]

1. e4 e5 2. Nf3 d6 3. d4 Nd7 4. Nc3 c6 5. dxe5 dxe5 6. Be3 Be7 7. Bc4 h6 8. h3 Qc7 9. Qd2 Ngf6 10. a3 Nf8 11. O-O g5 12. Nh2 Ng6 13. Be2 Be6 14. Rad1 Qc8 15. Rfe1 Rg8 16. f3 Nf4 17. Ng4 Nxg4 18. hxg4 h5 19. g3 hxg4 20. fxg4 Nxe2+ 21. Nxe2 Bxg4 22. Kf2 Qe6 23. Rf1 Rh8 24. Ke1 Rh2 25. Rf2 Rh1+ 26. Rf1 Rxf1+ 27. Kxf1 Qf6+ 28. Bf2 Bc5 29. Qe1 Bh3+ 30. Kg1 Qf3 0-1

[Event "34th MPL National U14G-ch 2022"]
[Site "Ahmedabad"]
[Date "2022.05.10"]
[Round "3.3"]
[White "Bhat Sannidhi Ramakrishna"]
[Black "Anupam M Sreekumar"]
[Result "1-0"]
[ECO "D02"]
[WhiteElo "1373"]
[BlackElo "1673"]
[Annotator "NA RC COMBH"]
[PlyCount "63"]
[EventDate "2022.05.09"]
[EventType "swiss"]
[EventCountry "IND"]
[SourceTitle "playchess.com"]
[Source "ChessBase"]
[SourceQuality "1"]
[TimeControl "5400+30"]

1. d4 d5 2. Bf4 Nf6 3. e3 e6 4. Nf3 Be7 5. Nbd2 O-O 6. Bd3 c5 7. c3 Nc6 8. Ne5 Nxe5 9. dxe5 Ne8 10. Nf3 b6 11. Qb1 g6 12. h4 Kh8 13. Bh6 Rg8 14. Ng5 Bxg5 15. Bxg5 Qc7 16. h5 Kg7 17. Bh6+ Kh8 18. hxg6 fxg6 19. Bf4 Qf7 20. Qd1 d4 21. Qf3 dxe3 22. fxe3 Bb7 23. Qg3 Rd8 24. O-O-O Rxd3 25. Rxd3 Be4 26. Rd8 Bd5 27. Rd1 Bxa2 28. e4 Bb3 29. R1d7 Qf8 30. Rxh7+ Kxh7 31. Qh4+ Kg7 32. Bh6+ 1-0

[Event "34th MPL National U14G-ch 2022"]
[Site "Ahmedabad"]
[Date "2022.05.10"]
[Round "3.4"]
[White "Shubhi Gupta"]
[Black "Shriyana S Mallya"]
[Result "1-0"]
[ECO "D52"]
[WhiteElo "1613"]
[BlackElo "1353"]
[Annotator "NA RC COMBH"]
[PlyCount "111"]
[EventDate "2022.05.09"]
[EventType "swiss"]
[EventCountry "IND"]
[SourceTitle "playchess.com"]
[Source "ChessBase"]
[SourceQuality "1"]
[TimeControl "5400+30"]

1. d4 d5 2. c4 e6 3. Nc3 Nf6 4. Bg5 c6 5. Nf3 Nbd7 6. e3 Bd6 7. Rc1 a6 8. Bd3 dxc4 9. Bxc4 b5 10. Bd3 Bb7 11. O-O h6 12. Bh4 O-O 13. Bb1 Qb6 14. Qc2 c5 15. Ne5 Rfd8 16. Nxd7 Rxd7 17. Bxf6 gxf6 18. Qh7+ Kf8 19. dxc5 Bxc5 20. Be4 Ke7 21. Rfd1 Rad8 22. Rxd7+ Rxd7 23. Bg6 Ke8 24. Qg8+ Bf8 25. Ne4 e5 26. Bf5 Rd8 27. Bg6 fxg6 28. Qxg6+ Ke7 29. Qh7+ Ke6 30. Qg8+ Kd7 31. Qf7+ Be7 32. Nc5+ Kc8 33. Na4+ Qc6 34. Rxc6+ Bxc6 35. h3 Rd1+ 36. Kh2 Bd6 37. Nc3 e4+ 38. g3 Rd2 39. Qxf6 Kc7 40. Nxe4 Rd1 41. f3 Bxe4 42. fxe4 Rd2+ 43. Kg1 Rd1+ 44. Kf2 h5 45. e5 Rd2+ 46. Kf1 Bb4 47. e6 Rd1+ 48. Kg2 Rd2+ 49. Kf3 Rd1 50. Ke4 Re1 51. Qf7+ Kb6 52. e7 Bc5 53. e8=Q Rxe3+ 54. Kf4 Rxe8 55. Qxe8 Bd6+ 56. Kf3 1-0

[Event "34th MPL National U14G-ch 2022"]
[Site "Ahmedabad"]
[Date "2022.05.10"]
[Round "3.5"]
[White "Tejasvee Naresh Singh"]
[Black "Sneha Halder"]
[Result "0-1"]
[ECO "B01"]
[WhiteElo "1351"]
[BlackElo "1557"]
[Annotator "NA RC COMBH"]
[PlyCount "128"]
[EventDate "2022.05.09"]
[EventType "swiss"]
[EventCountry "IND"]
[SourceTitle "playchess.com"]
[Source "ChessBase"]
[SourceQuality "1"]
[TimeControl "5400+30"]

1. e4 d5 2. exd5 Qxd5 3. Nc3 Qd8 4. d4 Nf6 5. Nf3 Bg4 6. Be2 c6 7. Be3 e6 8. a3 Nbd7 9. h3 Bh5 10. Ne5 Bxe2 11. Qxe2 Nd5 12. Nxd5 cxd5 13. Bf4 Qb6 14. c3 Nxe5 15. Bxe5 Bd6 16. f4 O-O 17. O-O Rae8 18. Rae1 f6 19. Bxd6 Qxd6 20. Qb5 Qc6 21. Qd3 b5 22. Rf2 Rf7 23. Rd2 a5 24. Rc2 Rfe7 25. Rd1 Qb6 26. Kh2 Rc8 27. Rdd2 Rec7 28. f5 b4 29. cxb4 axb4 30. fxe6 Qxe6 31. axb4 Qd6+ 32. Kh1 Qxb4 33. Qf5 Rxc2 34. Rxc2 Rxc2 35. Qxc2 Qxd4 36. Qc8+ Kf7 37. Qd7+ Kg6 38. Qe8+ Kh6 39. Qe2 Qc4 40. Qe3+ g5 41. Qa3 Kg6 42. Qf8 Qc1+ 43. Kh2 Qxb2 44. Qg8+ Kf5 45. Qxh7+ Kf4 46. Qc7+ Ke4 47. Qh7+ f5 48. Qf7 Qe5+ 49. Kh1 d4 50. Qb7+ Ke3 51. Qf3+ Kd2 52. Qf2+ Kc3 53. Qf1 Qe3 54. Qa1+ Kc4 55. Qa6+ Kd5 56. Qb7+ Ke5 57. Qc7+ Ke4 58. Qe7+ Kd3 59. Qa3+ Ke2 60. Qb2+ Qd2 61. Qb5+ d3 62. Qe5+ Qe3 63. Qb2+ d2 64. Qb5+ Ke1 0-1

[Event "34th MPL National U14G-ch 2022"]
[Site "Ahmedabad"]
[Date "2022.05.10"]
[Round "3.6"]
[White "Falak Joni Naik"]
[Black "Charvi Patidar"]
[Result "1-0"]
[ECO "D04"]
[WhiteElo "1349"]
[BlackElo "1501"]
[Annotator "NA RC COMBH"]
[PlyCount "115"]
[EventDate "2022.05.09"]
[EventType "swiss"]
[EventCountry "IND"]
[SourceTitle "playchess.com"]
[Source "ChessBase"]
[SourceQuality "1"]
[TimeControl "5400+30"]

1. d4 Nf6 2. Nf3 d5 3. e3 c5 4. b3 cxd4 5. exd4 Nc6 6. a3 Bg4 7. Be2 e6 8. Bb2 Bd6 9. Nbd2 O-O 10. h3 Bh5 11. c4 dxc4 12. Nxc4 Bc7 13. Nce5 Ne7 14. g4 Bg6 15. h4 Be4 16. g5 Nh5 17. Bd3 Bxd3 18. Qxd3 Qd5 19. O-O-O Nf5 20. Kb1 Rac8 21. Nh2 Rfd8 22. Qf3 Qxf3 23. Nhxf3 Nf4 24. h5 Nd5 25. g6 Bxe5 26. gxf7+ Kxf7 27. Ng5+ Ke7 28. dxe5 h6 29. Ne4 Nf4 30. Nd6 Rc6 31. Nxb7 Rxd1+ 32. Rxd1 Nxh5 33. a4 Rc8 34. Ba3+ Ke8 35. Nd6+ Nxd6 36. Rxd6 Nf4 37. Bc1 Ne2 38. Be3 Ke7 39. Bxa7 Nc3+ 40. Kb2 Nd5 41. a5 h5 42. Be3 Nxe3 43. fxe3 h4 44. b4 h3 45. a6 g5 46. Rd2 Ra8 47. b5 Rb8 48. a7 Rxb5+ 49. Ka1 Ra5+ 50. Ra2 Rxa7 51. Rxa7+ Kf8 52. Rh7 h2 53. Rxh2 Kg7 54. Kb2 Kg6 55. e4 g4 56. Kc3 Kg5 57. Kd4 g3 58. Rh8 1-0

[Event "34th MPL National U14G-ch 2022"]
[Site "Ahmedabad"]
[Date "2022.05.10"]
[Round "3.7"]
[White "Arshiya Das"]
[Black "Arushi Srichandan"]
[Result "1/2-1/2"]
[ECO "C42"]
[WhiteElo "1456"]
[BlackElo "1292"]
[Annotator "NA RC COMBH"]
[PlyCount "69"]
[EventDate "2022.05.09"]
[EventType "swiss"]
[EventCountry "IND"]
[SourceTitle "playchess.com"]
[Source "ChessBase"]
[SourceQuality "1"]
[TimeControl "5400+30"]

1. e4 e5 2. Nf3 Nf6 3. Nxe5 d6 4. Nf3 Nxe4 5. Qe2 Qe7 6. d3 Nf6 7. Bg5 Qxe2+ 8. Bxe2 Be7 9. Nc3 Bf5 10. O-O Nc6 11. Rfe1 O-O-O 12. Rac1 h6 13. Be3 d5 14. d4 Bb4 15. a3 Bxc3 16. bxc3 Ne4 17. c4 Nc3 18. cxd5 Nxe2+ 19. Rxe2 Rxd5 20. c4 Rdd8 21. d5 Na5 22. Ne5 Rhe8 23. Nxf7 Rd7 24. Nxh6 gxh6 25. Rc3 b6 26. Rd2 Nb7 27. f3 h5 28. Kf2 Nc5 29. Bxc5 bxc5 30. Rb3 Rd6 31. Rb5 Bd7 32. Rxc5 Ra6 33. d6 c6 34. Rxh5 Rxa3 35. h4 1/2-1/2

[Event "34th MPL National U14G-ch 2022"]
[Site "Ahmedabad"]
[Date "2022.05.10"]
[Round "3.8"]
[White "Shefali A N"]
[Black "Aswinika Mani R"]
[Result "0-1"]
[ECO "B52"]
[WhiteElo "1322"]
[BlackElo "1408"]
[Annotator "NA RC COMBH"]
[PlyCount "56"]
[EventDate "2022.05.09"]
[EventType "swiss"]
[EventCountry "IND"]
[SourceTitle "playchess.com"]
[Source "ChessBase"]
[SourceQuality "1"]
[TimeControl "5400+30"]

1. e4 c5 2. Nf3 d6 3. Bb5+ Bd7 4. Bxd7+ Qxd7 5. O-O Nf6 6. Qe2 e5 7. Rd1 b5 8. c3 Qc6 9. d3 Be7 10. Nbd2 O-O 11. b3 Nbd7 12. Bb2 d5 13. exd5 Nxd5 14. Nxe5 Nxe5 15. Qxe5 f5 16. Rac1 Bd6 17. Qe2 Nf4 18. Qf1 Rf6 19. c4 Rh6 20. f3 Nxg2 21. Qxg2 Rg6 22. Qxg6 hxg6 23. cxb5 Qc7 24. Nf1 Qb7 25. Kg2 Re8 26. a4 Re2+ 27. Kg1 Qxf3 28. Ne3 Bxh2# 0-1

[Event "34th MPL National U14G-ch 2022"]
[Site "Ahmedabad"]
[Date "2022.05.10"]
[Round "4.1"]
[White "Sneha Halder"]
[Black "Mrittika Mallick"]
[Result "1/2-1/2"]
[ECO "A06"]
[WhiteElo "1557"]
[BlackElo "1982"]
[Annotator "TA"]
[PlyCount "70"]
[EventDate "2022.05.09"]
[EventType "swiss"]
[EventCountry "IND"]
[SourceTitle "playchess.com"]
[Source "ChessBase"]
[SourceQuality "1"]
[TimeControl "5400+30"]

1. b3 d5 2. Bb2 Bf5 3. Nf3 e6 4. g3 Nf6 5. Nh4 Be4 6. Bg2 {[%emt 0:03:09] A06: Réti Opening: 1 Nf3 d5.} (6. f3 $5 Bg6 7. Nxg6 hxg6 8. Bg2 $11) 6... Be7 {[%emt 0:04:09] [#]} 7. d3 $146 ({Predecessor:} 7. f3 Bg6 8. Nxg6 hxg6 9. e4 g5 10. Qe2 Nc6 11. e5 Nh7 12. d4 Qd7 13. c3 f6 14. exf6 Bxf6 {½-½ (52) Nakamura,H (2785)-So,W (2812) Paris 2017}) 7... Bxg2 8. Nxg2 {[%emt 0:00:10] Black has an edge.} c5 9. Nd2 Nc6 10. e4 O-O 11. O-O b5 12. a4 a6 13. exd5 exd5 14. Ne3 Qd7 {[%emt 0:00:00] Against Nf5} 15. Qf3 Nd4 16. Bxd4 cxd4 17. Nf5 Bb4 18. Nb1 Bc5 19. Qf4 Rac8 $2 {[%emt 0:00:00] [#]} (19... g6 $1 $11 {and Black has nothing to worry.} 20. Nh6+ (20. Nxd4 $2 Nh5 $19) 20... Kg7) 20. Nxg7 $1 $18 Qg4 (20... Qc6 21. axb5) 21. Qxf6 {[%emt 0:00:49] Strongly threatening Nf5.} Qxg7 22. Qxa6 bxa4 23. Rxa4 Rfe8 24. Qb7 Qe5 25. Qd7 {[%emt 0:03:26] Inhibits Qf5.} Bf8 26. Ra7 Qe6 {[%emt 0:00:00] [#]} 27. Qxe6 (27. Nd2 $1 $18) 27... fxe6 $16 {[%emt 0:00:00] [#]} 28. Ra2 $1 Bb4 {[%emt 0:00:59] Prevents Nd2.} 29. Rd1 e5 30. f3 (30. Kg2 $16) 30... Rc6 31. Ra4 Rb8 32. Na3 ({White should try} 32. Rc1 $16) 32... Bxa3 $11 {[%emt 0:00:28] The position is equal.} 33. Rxa3 {[%emt 0:00:00] Hoping for Ra2.} Rxc2 34. Re1 Rd2 35. Rxe5 Rc8 $1 {[%emt 0:00:27] Black defended with fortune.  Weighted Error Value: White=0.20 (precise) /Black=0.21 (precise)} 1/2-1/2

[Event "34th MPL National U14G-ch 2022"]
[Site "Ahmedabad"]
[Date "2022.05.10"]
[Round "4.2"]
[White "Sachi Jain"]
[Black "Bhat Sannidhi Ramakrishna"]
[Result "0-1"]
[ECO "B01"]
[WhiteElo "1768"]
[BlackElo "1373"]
[Annotator "NA RC COMBH"]
[PlyCount "148"]
[EventDate "2022.05.09"]
[EventType "swiss"]
[EventCountry "IND"]
[SourceTitle "playchess.com"]
[Source "ChessBase"]
[SourceQuality "1"]
[TimeControl "5400+30"]

1. e4 d5 2. exd5 Qxd5 3. Nc3 Qa5 4. g3 Nf6 5. Bg2 c6 6. Nge2 Bg4 7. h3 Bh5 8. O-O e6 9. d3 Nbd7 10. Bd2 Qc7 11. Qe1 Bd6 12. Nf4 Bg6 13. a3 O-O 14. Kh1 Rad8 15. Nfe2 Rfe8 16. f4 Nb6 17. g4 Bf8 18. Qg3 Nc4 19. Bc1 Nd6 20. Qf3 Nd5 21. Ne4 f5 22. N4g3 c5 23. g5 Bf7 24. Bd2 Ne7 25. Bc3 Ng6 26. Be5 Rd7 27. Nc3 Nxe5 28. fxe5 Nc8 29. Rae1 a6 30. h4 Na7 31. h5 Nc6 32. Qe3 Nd4 33. Rf2 b5 34. Nd1 b4 35. c3 Nc6 36. axb4 cxb4 37. Bf3 Nxe5 38. Be2 Bd6 39. Nf1 Nc6 40. Rg2 g6 41. Qh3 e5 42. Bf3 Ne7 43. Nfe3 Bc5 44. hxg6 Bxg6 45. Nf2 Bxe3 46. Rxe3 bxc3 47. bxc3 Qxc3 48. Bh5 Nd5 49. Bxg6 hxg6 50. Rh2 e4 51. Rg3 Nf4 52. Qh4 Nh5 53. Rgh3 exd3 54. Qa4 Qc1+ 55. Kg2 Nf4+ 56. Qxf4 Qxf4 57. Rh8+ Kf7 58. R2h7+ Ke6 59. Rxe8+ Kd6 60. Rh3 d2 61. Rg3 Qxf2+ 62. Kxf2 d1=Q 63. Ree3 Qc2+ 64. Re2 Qc5+ 65. Ke1 Re7 66. Rd3+ Kc6 67. Rxe7 Qxe7+ 68. Kd2 Qc5 69. Ke1 Qe7+ 70. Kd1 Qd6 71. Rxd6+ Kxd6 72. Ke2 a5 73. Kd3 a4 74. Kc4 f4 0-1

[Event "34th MPL National U14G-ch 2022"]
[Site "Ahmedabad"]
[Date "2022.05.10"]
[Round "4.3"]
[White "Aswinika Mani R"]
[Black "Shubhi Gupta"]
[Result "0-1"]
[ECO "C54"]
[WhiteElo "1408"]
[BlackElo "1613"]
[Annotator "NA RC COMBH"]
[PlyCount "130"]
[EventDate "2022.05.09"]
[EventType "swiss"]
[EventCountry "IND"]
[SourceTitle "playchess.com"]
[Source "ChessBase"]
[SourceQuality "1"]
[TimeControl "5400+30"]

1. e4 e5 2. Nf3 Nc6 3. Bc4 Bc5 4. c3 Nf6 5. d3 d6 6. h3 h6 7. a4 a5 8. O-O O-O 9. Be3 Ba7 10. Qb3 Ne7 11. Nbd2 Ng6 12. Rfe1 Nh5 13. d4 Qf6 14. Rad1 Ngf4 15. Kh2 g5 16. g4 Ng7 17. Rg1 Nge6 18. dxe5 dxe5 19. Qb5 Ng6 20. h4 c6 21. Qb3 Nxh4 22. Nxh4 gxh4 23. Bxa7 Rxa7 24. Qb6 Ra8 25. Qe3 Ng5 26. Be2 Be6 27. Nf3 Kh8 28. Nxh4 Nxe4 29. Nf3 Ng5 30. Nxe5 Rae8 31. f4 Bc8 32. fxg5 Qxe5+ 33. Qxe5+ Rxe5 34. Bf3 hxg5 35. Kg3 Kg7 36. Rh1 Rfe8 37. Rh5 Be6 38. Rdh1 Rd8 39. Rh7+ Kf6 40. Rh8 Rd3 41. Kf2 Rd2+ 42. Kg3 Re3 43. Rf1 Bd5 44. Rh3 Bxf3 45. Rxf3+ Rxf3+ 46. Kxf3 Rd3+ 47. Kg2 Rxh3 48. Kxh3 Ke5 49. Kg3 Ke4 50. b4 axb4 51. cxb4 Kd4 52. Kf3 Kc4 53. b5 cxb5 54. axb5 Kxb5 55. Ke4 Kc4 56. Kf5 b5 57. Kxg5 b4 58. Kf6 b3 59. Kxf7 b2 60. g5 b1=Q 61. g6 Qf5+ 62. Kg7 Kd5 63. Kh8 Qh5+ 64. Kg7 Ke6 65. Kf8 Qh8# 0-1

[Event "34th MPL National U14G-ch 2022"]
[Site "Ahmedabad"]
[Date "2022.05.10"]
[Round "4.4"]
[White "Pragnya H G"]
[Black "Falak Joni Naik"]
[Result "1-0"]
[ECO "B06"]
[WhiteElo "1605"]
[BlackElo "1349"]
[Annotator "NA RC COMBH"]
[PlyCount "73"]
[EventDate "2022.05.09"]
[EventType "swiss"]
[EventCountry "IND"]
[SourceTitle "playchess.com"]
[Source "ChessBase"]
[SourceQuality "1"]
[TimeControl "5400+30"]

1. e4 g6 2. d4 Bg7 3. Nc3 d6 4. f4 e6 5. Nf3 Ne7 6. Be3 a6 7. Bd3 b6 8. Qd2 h6 9. O-O-O d5 10. g4 Bb7 11. Rhf1 f5 12. exf5 exf5 13. gxf5 gxf5 14. Bf2 Nbc6 15. Qe2 Qd6 16. Ne5 Bxe5 17. fxe5 Qe6 18. Be3 Kd7 19. Nxd5 Nxd4 20. Nxb6+ cxb6 21. Bc4 Bd5 22. Rxd4 Kc7 23. Bxd5 Nxd5 24. Qc4+ Qc6 25. Qxd5 Qxd5 26. Rxd5 Raf8 27. Bf4 h5 28. e6+ Kc8 29. e7 Re8 30. Bg5 Rhg8 31. h4 Rxg5 32. hxg5 Rxe7 33. Rdxf5 Re4 34. Rg1 h4 35. g6 Re8 36. g7 h3 37. Rf8 1-0

[Event "34th MPL National U14G-ch 2022"]
[Site "Ahmedabad"]
[Date "2022.05.10"]
[Round "4.5"]
[White "Dakshita Kumawat"]
[Black "Debapriya Manna"]
[Result "1-0"]
[ECO "D02"]
[WhiteElo "1575"]
[BlackElo "1384"]
[Annotator "NA RC COMBH"]
[PlyCount "71"]
[EventDate "2022.05.09"]
[EventType "swiss"]
[EventCountry "IND"]
[SourceTitle "playchess.com"]
[Source "ChessBase"]
[SourceQuality "1"]
[TimeControl "5400+30"]

1. d4 d5 2. Bf4 Nf6 3. e3 e6 4. Nf3 Bd6 5. Bg3 O-O 6. Nbd2 c5 7. c3 b6 8. Bd3 Bb7 9. Bh4 Nbd7 10. Qb1 Qc7 11. g4 cxd4 12. cxd4 Qc6 13. O-O Rac8 14. b4 Nxg4 15. Bxh7+ Kh8 16. h3 Ngf6 17. Bd3 e5 18. Bf5 Rc7 19. Bg3 Re8 20. Ng5 Kg8 21. Ndf3 Ba6 22. Bxd7 Nxd7 23. Qh7+ Kf8 24. Rfc1 Qxc1+ 25. Rxc1 Rxc1+ 26. Kh2 f6 27. Qh8+ Ke7 28. Qxg7+ Kd8 29. Nf7+ Kc7 30. dxe5 fxe5 31. N3xe5 Nxe5 32. Nxd6+ Kxd6 33. Qf6+ Kd7 34. Bxe5 Rc2 35. Qf5+ Kd8 36. Bf6+ 1-0

[Event "34th MPL National U14G-ch 2022"]
[Site "Ahmedabad"]
[Date "2022.05.10"]
[Round "4.6"]
[White "Arushi Srichandan"]
[Black "Roy Aanya"]
[Result "0-1"]
[ECO "C02"]
[WhiteElo "1292"]
[BlackElo "1560"]
[Annotator "NA RC COMBH"]
[PlyCount "60"]
[EventDate "2022.05.09"]
[EventType "swiss"]
[EventCountry "IND"]
[SourceTitle "playchess.com"]
[Source "ChessBase"]
[SourceQuality "1"]
[TimeControl "5400+30"]

1. e4 e6 2. d4 d5 3. e5 c5 4. c3 Qb6 5. Nf3 Nc6 6. Qb3 Qxb3 7. axb3 cxd4 8. cxd4 Be7 9. Nc3 f6 10. Bb5 Bd7 11. Be3 Bd8 12. g4 fxe5 13. dxe5 Nge7 14. O-O O-O 15. Kg2 a6 16. Bc5 Rc8 17. Bxc6 Bxc6 18. Nd4 Bd7 19. Bd6 Rf4 20. Rad1 Rxg4+ 21. Kf3 Rh4 22. Kg3 Rxd4 23. Rxd4 Nf5+ 24. Kg2 Nxd4 25. Re1 Nxb3 26. f4 g6 27. Rd1 Na5 28. Kf3 Nc4 29. h3 Nxb2 30. Rc1 Nd3 0-1

[Event "34th MPL National U14G-ch 2022"]
[Site "Ahmedabad"]
[Date "2022.05.10"]
[Round "4.7"]
[White "Anagha K G R"]
[Black "Shreya G Hipparagi"]
[Result "0-1"]
[ECO "D93"]
[WhiteElo "1288"]
[BlackElo "1548"]
[Annotator "NA RC COMBH"]
[PlyCount "116"]
[EventDate "2022.05.09"]
[EventType "swiss"]
[EventCountry "IND"]
[SourceTitle "playchess.com"]
[Source "ChessBase"]
[SourceQuality "1"]
[TimeControl "5400+30"]

1. d4 Nf6 2. Bf4 g6 3. e3 Bg7 4. Nf3 O-O 5. c4 d5 6. Nc3 c6 7. Be2 Nbd7 8. h3 dxc4 9. Bxc4 Nb6 10. Be2 Nbd5 11. Be5 Bf5 12. Bd3 Bxd3 13. Qxd3 Qb6 14. Qd2 Nxc3 15. Qxc3 Ne4 16. Qc2 Qa5+ 17. Ke2 Qb5+ 18. Ke1 Bxe5 19. Nxe5 Nf6 20. Qe2 Qd5 21. Kf1 c5 22. Nf3 Rfd8 23. Kg1 Rac8 24. Kh2 Qe4 25. Rhd1 cxd4 26. Nxd4 Rd5 27. Re1 Rdc5 28. Rad1 Qe5+ 29. Kg1 Qc7 30. b4 Rc4 31. a3 e5 32. Nb3 b6 33. Rc1 Ne4 34. Rxc4 Qxc4 35. Qxc4 Rxc4 36. Rc1 Rxc1+ 37. Nxc1 Kf8 38. Nd3 f6 39. Kf1 Ke7 40. f3 Nd2+ 41. Kf2 Ke6 42. Nb2 Kd5 43. a4 Nc4 44. Nd1 Na3 45. Nb2 Nc2 46. b5 Kc5 47. Ke2 Kb4 48. Kd2 Na3 49. f4 Nc4+ 50. Nxc4 Kxc4 51. g4 exf4 52. exf4 f5 53. gxf5 gxf5 54. Ke3 Kc3 55. Kf2 Kd4 56. Kf3 Kd3 57. h4 h5 58. Kg3 Ke3 0-1

[Event "34th MPL National U14G-ch 2022"]
[Site "Ahmedabad"]
[Date "2022.05.10"]
[Round "4.8"]
[White "Elakshi Srivastava"]
[Black "Arshiya Das"]
[Result "1/2-1/2"]
[ECO "A36"]
[WhiteElo "1256"]
[BlackElo "1456"]
[Annotator "NA RC COMBH"]
[PlyCount "45"]
[EventDate "2022.05.09"]
[EventType "swiss"]
[EventCountry "IND"]
[SourceTitle "playchess.com"]
[Source "ChessBase"]
[SourceQuality "1"]
[TimeControl "5400+30"]

1. e4 c5 2. c4 d6 3. Nc3 Nf6 4. g3 Nc6 5. Bg2 e6 6. Nge2 Be7 7. h3 a6 8. d3 Qc7 9. Be3 b6 10. O-O Bb7 11. Rb1 h6 12. a3 Rd8 13. Qc2 Na7 14. b4 e5 15. Nd5 Nxd5 16. exd5 Nc8 17. Nc3 O-O 18. Qb3 Ba8 19. Qa4 Bb7 20. Qb3 Ba8 21. Qa4 Bb7 22. Qb3 Ba8 23. Bc1 1/2-1/2

[Event "34th MPL National U14G-ch 2022"]
[Site "Ahmedabad"]
[Date "2022.05.11"]
[Round "5.1"]
[White "Shubhi Gupta"]
[Black "Bhat Sannidhi Ramakrishna"]
[Result "1/2-1/2"]
[ECO "A41"]
[WhiteElo "1613"]
[BlackElo "1373"]
[Annotator "NA RC COMBH"]
[PlyCount "116"]
[EventDate "2022.05.09"]
[EventType "swiss"]
[EventCountry "IND"]
[SourceTitle "playchess.com"]
[Source "ChessBase"]
[SourceQuality "1"]
[TimeControl "5400+30"]

1. Nf3 Nc6 2. d4 d6 3. c4 g6 4. Nc3 Bg7 5. Bg5 h6 6. Bh4 g5 7. d5 gxh4 8. dxc6 bxc6 9. Nxh4 e6 10. Nf3 c5 11. Qd2 Ne7 12. e3 Ng6 13. Bd3 Bb7 14. Be2 a6 15. Rd1 Rb8 16. Qc2 Bc6 17. b3 Qe7 18. Ne4 O-O 19. Ng3 a5 20. Nh5 Bh8 21. O-O Rb6 22. Bd3 f5 23. Be2 Be4 24. Qc1 a4 25. Nd2 axb3 26. axb3 Bc6 27. Qc2 Qg5 28. Ng3 Nh4 29. f4 Qe7 30. Nf3 Rfb8 31. Nxh4 Qxh4 32. Rb1 Qf6 33. Bf3 Bxf3 34. Rxf3 Qc3 35. Qxc3 Bxc3 36. e4 Rxb3 37. Rxb3 Rxb3 38. exf5 Bd4+ 39. Kf1 Rxf3+ 40. gxf3 Kf7 41. fxe6+ Kxe6 42. h3 Be3 43. Nh5 c6 44. Ke2 Bc1 45. Kd1 Bb2 46. Ng3 d5 47. Kc2 Bd4 48. Kd3 Bf2 49. Ne2 Be1 50. Nc1 Kf5 51. Ne2 Ba5 52. Ke3 d4+ 53. Kd3 Bc7 54. Ng3+ Kxf4 55. Ne4 Bb6 56. Ke2 Ke5 57. Kd3 Kf4 58. Ke2 Ke5 1/2-1/2